 Dungeon Crawl Stone Soup version 0.30-a0-42-g806c11bf1d (webtiles) character file.

Game seed: 9477616304802202096

87 LnG the Trooper (level 4, -7/41 HPs)
             Began as a Hill Orc Fighter on Aug 30, 2022.
             Engulfed by a cloud of flame (17 damage)
             ... on level 2 of the Dungeon.
             The game lasted 00:12:09 (2264 turns).

LnG the Trooper (Hill Orc Fighter)                  Turns: 2264, Time: 00:12:10

Health: -7/41      AC:  8    Str: 20    XL:     4   Next: 51%
Magic:  4/4        EV:  9    Int:  8    God:
Gold:   74         SH:  4    Dex: 10    Spells: 3/3 levels left

rFire   . . .      SeeInvis .    a - +0 war axe
rCold   . . .      Faith    .    c - +0 buckler
rNeg    . . .      Spirit   .    b - +0 scale mail
rPois   .          Reflect  .    (no helmet)
rElec   .          Harm     .    (no cloak)
rCorr   .          Rampage  .    r - +0 pair of gloves
Will    .....                    (no boots)
Stlth   ..........               (no amulet)
HPRegen 0.13/turn                (no ring)
MPRegen 0.09/turn                (no ring)

@: invisible
A: no striking features
a: no special abilities


You were on level 2 of the Dungeon.
You visited 1 branch of the dungeon, and saw 2 of its levels.

You collected 74 gold pieces.

Inventory:

Hand Weapons
 a - a +0 war axe (weapon)
Missiles
 m - a throwing net (quivered)
Armour
 b - a +0 scale mail (worn)
 c - a +0 buckler (worn)
 r - a +0 pair of gloves (worn)
Magical Staves
 n - a staff of death
Jewellery
 g - a ring of protection from cold
 p - a ring of fire
Scrolls
 h - a scroll of fear {unknown}
 i - 2 scrolls of magic mapping {unknown}
 k - a scroll of noise {unknown}
 o - a scroll of poison {unknown}
Potions
 d - 2 potions of might
 e - a potion of lignification
 j - 2 potions of berserk rage {unknown}
 l - a potion of haste {unknown}
 q - a potion of invisibility {unknown}
 s - a potion of curing


   Skills:
 + Level 4.4 Fighting
 + Level 4.1 Axes
 + Level 4.1 Armour
 + Level 0.2 Dodging
 + Level 3.6 Shields


You had 3 spell levels left.
You didn't know any spells.
Your spell library contained the following spells:

 Spells                   Type           Power      Damage    Failure   Level
 Summon Small Mammal      Summ           0%         N/A       85%         1
 Call Canine Familiar     Summ           0%         N/A       99%         3
 Summon Guardian Golem    Hex/Summ       0%         N/A       99%         3


Dungeon Overview and Level Annotations

Branches:
Dungeon (2/15)

Altars:


Message History

You see here a +0 hammer.
Crazy Yiuf shouts!
Crazy Yiuf says, "Tonal disdain bush!"
You see here a +0 hammer.
You see here a +0 hammer.
You open the door. You slash Crazy Yiuf!
Crazy Yiuf is heavily wounded.
Crazy Yiuf hits you with a +3 quarterstaff of chaos.
Crazy Yiuf burns you.
You hit Crazy Yiuf.
Crazy Yiuf is heavily wounded.
You block Crazy Yiuf's attack.
You closely miss Crazy Yiuf.
Crazy Yiuf is heavily wounded.
You block Crazy Yiuf's attack.
Crazy Yiuf flaps his cloak.
Crazy Yiuf hits you with a +3 quarterstaff of chaos.
You fade into invisibility!
As you read the scroll of immolation, it crumbles to dust.
The creatures around you are filled with an inner flame!
Crazy Yiuf barely misses you.
You hit Crazy Yiuf but do no damage.
Crazy Yiuf is heavily wounded.
Crazy Yiuf hits you with a +3 quarterstaff of chaos.
Crazy Yiuf burns you.
You hit Crazy Yiuf but do no damage.
Crazy Yiuf is heavily wounded.
Crazy Yiuf hits you but does no damage.
You barely miss Crazy Yiuf.
Crazy Yiuf is heavily wounded.
You block Crazy Yiuf's attack. Crazy Yiuf closely misses you.
You hit Crazy Yiuf.
Flame seeps out of Crazy Yiuf.
Crazy Yiuf is almost dead.
Crazy Yiuf is engulfed in blazing flames.
Crazy Yiuf explodes!
The tree burns like a torch!
The fiery explosion engulfs you!!
* * * LOW HITPOINT WARNING * * *
Your Axes skill increases to level 4!
You die...

#...............#
######...............#
.....................#
######.###############
>.<# #.# .#.#
#.##♣♣♣♣♣
.#.###.'..)♣)♣♣♣#####
.#.........)♣))§#§))#
.####......♣♣♣♣§@§).#
.####(.'..♣♣ ♣§#§))#
......###♣♣ ♣♣#####
.......# .#######
...)...## ######
.#......# #.##.#
........# #.##.#
........# #.##.#


There were no monsters in sight!

Vanquished Creatures
  Crazy Yiuf (D:2)
  A dart slug (D:1)
  6 bats
  2 endoplasms (D:2)
  3 giant cockroaches (D:1)
  5 goblins
  4 hobgoblins
  9 jackals
  9 kobolds
  2 quokkas
  3 ball pythons (D:2)
  2 frilled lizards (D:1)
  3 rats
50 creatures vanquished.

Vanquished Creatures (others)
  4 fungi (D:2)
4 creatures vanquished.

Grand Total: 54 creatures vanquished

Notes
Turn   | Place    | Note
-------+----------+-------------------------------------------
     0 | D:1      | LnG the Hill Orc Fighter began the quest for the Orb.
     0 | D:1      | Reached XP level 1. HP: 19/19 MP: 1/1
   140 | D:1      | Reached XP level 2. HP: 27/27 MP: 2/2
   508 | D:1      | Reached XP level 3. HP: 33/33 MP: 3/3
   583 | D:1      | You fall into a shaft and drop 1 floor!
   860 | D:2      | Found a runed translucent door.
   861 | D:2      | Noticed Crazy Yiuf
  1908 | D:2      | Reached XP level 4. HP: 36/40 MP: 4/4
  2263 | D:2      | Killed Crazy Yiuf
  2264 | D:2      | Engulfed by a cloud of flame

Illustrated notes

Levels and vault maps discovered:
D:1:      heliophobic_arrival_henge, layout_loops_ring, nrook_loot_triangle,
          minmay_vboxes
D:2:      layout_basic, minmay_ruptured, uniq_crazy_yiuf_cottage

Skill      XL: |  1  2  3  4 |
---------------+-------------+-----
Fighting       | 4 |  4.4
Axes           | 3 4 |  4.1
Armour         | 4 |  4.1
Dodging        | |  0.2
Shields        | |  3.6

Action                   |  1- 3 |  4- 6 || total
-------------------------+-------+-------++-------
Melee: War axe           |   108 |    14 ||   122
  Use: Scroll            |     3 |     1 ||     4
       Potion            |     2 |       ||     2
Armor: Scale mail        |    69 |     1 ||    70
Dodge: Dodged            |    63 |     2 ||    65
Block: Buckler           |    30 |     3 ||    33

Table legend: (Time is in decaauts)
 A = Elapsed time spent in this place.
 B = Non-inter-level travel time spent in this place.
 C = Inter-level travel time spent in this place.
 D = Time resting spent in this place.
 E = Time spent auto-exploring this place.
 F = Levels seen in this place.
 G = Mean time per level.
                   A        B        C        D        E       F      G
               +--------+--------+--------+--------+--------+-----+--------+
         Total |   2307 |   2307 |      0 |    680 |      0 |   2 | 1153.5 |
       Dungeon |   2307 |   2307 |      0 |    680 |      0 |   2 | 1153.5 |
               +--------+--------+--------+--------+--------+-----+--------+

Top non-repeatable levels by time:
     D:1: 1291 daAuts
     D:2: 1016 daAuts
